 Dungeon Crawl Stone Soup version 0.20.0-8-g6b59dc7 (webtiles) character file.

2277 Hasart the Cudgeler (level 9, 0/62 HPs)
             Began as an Octopode Fighter on June 2, 2017.
             Was an Initiate of Gozag.
             Slain by a porcupine (15 damage)
             ... on level 8 of the Dungeon.
             The game lasted 00:18:14 (7886 turns).

Hasart the Cudgeler (Octopode Fighter)              Turns: 7886, Time: 00:18:14

Health: 0/62       AC:  1    Str: 26    XL:     9   Next: 39%
Magic:  9/9        EV: 13    Int: 11    God:    Gozag
Gold:   729        SH:  0    Dex: 11    Spells: 8/8 levels left

rFire    . . .     SeeInvis .   u - +0 flail (venom)
rCold    x . .     Gourm    .   b - +0 shield
rNeg     . . .     Faith    .   (helmet restricted)
rPois    +         Spirit   .   (no amulet)
rElec    .         Reflect  .   j - ring of poison resistance
rCorr    .         Harm     .   p - ring "Sosasoif" {rC- MR++ Str+6 Slay+2 Stlth+}
MR       ++...                  (no ring)
Stlth    +++.......             (no ring)
Regen    0.2/turn               (no ring)
MPRegen  0.2/turn               (no ring)
                                (no ring)
                                (no ring)

@: confused
A: almost no armour, stealthy swim, amphibious, 8 rings, constrict 8, camouflage
1, strong 1, wild magic 1, gelatinous body 1
a: Potion Petition, Call Merchant, Bribe Branch, Renounce Religion


You were on level 8 of the Dungeon.
You worshipped Gozag.
Gozag was pleased with you.
You were not hungry.

You visited 1 branch of the dungeon, and saw 8 of its levels.

You collected 773 gold pieces.
You paid 44 gold pieces to Gozag.

Inventory:

Hand Weapons
 h - a +3 whip
 u - a +0 flail of venom (weapon)
Missiles
 i - 3 javelins of penetration
 q - 3 tomahawks
 s - 2 poisoned tomahawks (quivered)
Armour
 b - a +0 shield (worn)
Jewellery
 j - a ring of poison resistance (left tentacle)
 p - the ring "Sosasoif" (right tentacle) {rC- MR++ Str+6 Slay+2 Stlth+}
   (You found it on level 5 of the Dungeon)

   [ring of strength]

   It affects your strength (+6).
   It affects your accuracy and damage with ranged weapons and melee attacks
   (+2).
   It makes you vulnerable to cold.
   It affects your resistance to hostile enchantments.
   It makes you more stealthy.
Scrolls
 e - 5 scrolls of identify
 f - 3 scrolls of teleportation
 m - a scroll of amnesia
 r - 3 scrolls of remove curse
Potions
 c - a potion of might
 g - 3 potions of heal wounds {unknown}
 k - 5 potions of curing
 l - a potion of magic
 n - a potion of cancellation
 o - a potion of mutation
 t - a potion of flight {unknown}
 v - a potion of ambrosia
Comestibles
 d - 4 bread rations


   Skills:
 + Level 6.0 Fighting
 * Level 7.2 Maces & Flails
 + Level 5.2 Throwing
 + Level 5.7 Dodging
 + Level 5.4 Shields


You had 8 spell levels left.
You didn't know any spells.

Dungeon Overview and Level Annotations

Branches:
Dungeon (8/15)             Temple (0/1) D:6
   Lair: D:8-11

Altars:
Ashenzari
Elyvilon
Gozag
Makhleb
Okawaru
Qazlal
Trog
Uskayaw
Vehumet
Yredelemnul
Zin

Shops:
D:8 *

Annotations:
D:4 1 runed door
D:6 Hasart's ghost, novice OpFi


Innate Abilities, Weirdness & Mutations

You cannot wear most types of armour.
You are very stealthy in the water. (Stealth+)
You are amphibious.
You can wear up to eight rings at the same time.
You can use your tentacles to constrict eight enemies at once.
Your skin changes colour to match your surroundings (Stealth+).
Your rubbery body absorbs attacks. (AC +1, EV +1)
Your muscles are strong. (Str +2)
Your spells are a little harder to cast, but a little more powerful.


Message History

You block the porcupine's attack. The porcupine barely misses you.
The porcupine closely misses you. You block the porcupine's attack.
You block the porcupine's attack.
There is a fountain of clear blue water here.
You block the porcupine's attack. The porcupine bites you.
The porcupine bites you! The porcupine bites you!
* * * LOW HITPOINT WARNING * * *
Unknown command.
Okay, then.
You are confused.
You feel invigorated.
The porcupine bites you but does no damage.
Unknown command.
The porcupine bites you!
You die...
Your body crumbles into a pile of gold.

#.............#.#
#...#
#.............#.#
#...#
#............<#.#
#...#
#..........#..#.#
##...##
#....(........#.#
#..⌠.⌠.
########'#...##.#
#...∩..
#.#......#
#..⌠.⌠.
#.########
#.##.#.
#.#...@rh#
#.##...
#.#.####.#
#h####. #.#.# #.#
#.# ## #.#.#
#.########.#
#...#
#...h......#
###.#
############ ###


You could see a wolf and a porcupine.

Vanquished Creatures
  Edmund (D:5)
  A porcupine (D:8)
  2 water moccasins
  2 orc warriors
  2 phantoms
  An ice beast (D:7)
  2 ogres
  4 centaurs
  A bullfrog (D:8)
  4 crimson imps
  A bullfrog zombie (D:7)
  3 hounds
  A jelly (D:7)
  2 orc wizards
  An orc priest (D:3)
  2 iguanas
  5 worker ants
  8 gnolls (D:7)
  4 adders
  A shadow imp (D:5)
  3 oozes
  An adder skeleton (D:8)
  2 adder zombies (D:7)
  5 worms
  A dart slug (D:3)
  7 leopard geckos
  23 orcs
  4 ball pythons
  4 bats
  7 giant cockroaches
  11 goblins
  12 hobgoblins
  17 jackals
  2 quokkas (D:2)
  2 frilled lizards (D:2)
  7 kobolds
  A quokka skeleton (D:7)
  7 rats
164 creatures vanquished.

Notes
Turn   | Place    | Note
-------+----------+-------------------------------------------
     0 | D:1      | Hasart the Octopode Fighter began the quest for the Orb.
     0 | D:1      | Reached XP level 1. HP: 16/16 MP: 1/1
    65 | D:1      | Reached XP level 2. HP: 17/21 MP: 2/2
   404 | D:1      | Reached XP level 3. HP: 26/26 MP: 3/3
   973 | D:1      | Reached skill level 1 in Throwing
  1256 | D:2      | Reached XP level 4. HP: 29/31 MP: 4/4
  1393 | D:2      | Found a basalt altar of Yredelemnul.
  1430 | D:2      | Found a radiant altar of Vehumet.
  1473 | D:2      | Reached skill level 3 in Maces & Flails
  1876 | D:3      | Reached XP level 5. HP: 26/36 MP: 5/5
  2323 | D:3      | Found a shattered altar of Ashenzari.
  2614 | D:3      | Noticed an orc warrior
  2747 | D:3      | Killed an orc warrior
  2747 | D:3      | Reached skill level 4 in Maces & Flails
  2747 | D:3      | Reached XP level 6. HP: 18/43 MP: 6/6
  3057 | D:4      | Found a burning altar of Makhleb.
  3145 | D:4      | Found a glowing silver altar of Zin.
  3145 | D:4      | Found a runed door.
  3145 | D:4      | Noticed an angel
  3978 | D:4      | Found a stormy altar of Qazlal.
  3997 | D:4      | Found a white marble altar of Elyvilon.
  4002 | D:4      | Found an opulent altar of Gozag.
  4007 | D:4      | Became a worshipper of Gozag Ym Sagoz the Greedy
  4236 | D:5      | Entered Level 5 of the Dungeon
  4265 | D:5      | Noticed Edmund
  4278 | D:5      | Killed Edmund
  4278 | D:5      | Reached XP level 7. HP: 48/48 MP: 7/7
  4604 | D:5      | Reached skill level 5 in Maces & Flails
  5162 | D:5      | Got a heavily runed tin ring
  5164 | D:5      | Identified the ring "Sosasoif" {rC- MR++ Str+6 Slay+2 Stlth+} (You found it on level 5 of the Dungeon)
  5330 | D:6      | Noticed Hasart's ghost (novice OpFi)
  5641 | D:5      | Gained mutation: Your muscles are strong. (Str +2) [potion of mutation]
  5641 | D:5      | Gained mutation: Your spells are a little harder to cast, but a little more powerful. [potion of mutation]
  5784 | D:5      | Reached XP level 8. HP: 39/54 MP: 8/8
  5992 | D:6      | Reached skill level 6 in Maces & Flails
  5992 | D:6      | Reached skill level 5 in Dodging
  6125 | D:6      | Found a hide-covered altar of Uskayaw.
  6239 | D:6      | Found a staircase to the Ecumenical Temple.
  6405 | D:7      | Reached skill level 5 in Fighting
  6715 | D:7      | Reached skill level 5 in Shields
  6717 | D:7      | Reached XP level 9. HP: 55/61 MP: 9/9
  7144 | D:7      | Found a bloodstained altar of Trog.
  7144 | D:7      | Found an iron altar of Okawaru.
  7349 | D:7      | Reached skill level 5 in Throwing
  7537 | D:8      | Reached skill level 7 in Maces & Flails
  7777 | D:8      | Found Lomal's Assorted Antiques.
  7886 | D:8      | Slain by a porcupine

Skill      XL: |  1  2  3  4  5  6  7  8  9 |
---------------+----------------------------+-----
Throwing       | 1 2 3 4 5 |  5.2
Maces & Flails | 3 4 5 6 7 |  7.2
Dodging        | 4 5 |  5.7
Fighting       | 4 5 6 |  6.0
Shields        | 4 5 |  5.4

Action                   |  1- 3 |  4- 6 |  7- 9 || total
-------------------------+-------+-------+-------++-------
Melee: Flail             |    18 |       |   171 ||   189
       Constrict         |    14 |    42 |    38 ||    94
       Tentacles         |     9 |    35 |    39 ||    83
       Whip              |    41 |   144 |    19 ||   204
Throw: Javelin           |       |     3 |     2 ||     5
       Tomahawk          |       |       |     2 ||     2
Invok: Potion Petition   |       |     1 |       ||     1
  Use: Scroll            |       |       |     9 ||     9
       Potion            |       |       |     7 ||     7
 Stab: Sleeping          |     4 |     5 |     7 ||    16
       Distracted        |       |       |     1 ||     1
  Eat: Chunk             |     1 |     9 |       ||    10
       Fruit             |       |       |     5 ||     5
       Bread ration      |       |       |     1 ||     1
       Meat ration       |       |       |     1 ||     1
Armor: Skin              |     1 |     2 |     9 ||    12
Dodge: Dodged            |    30 |    38 |    68 ||   136
Block: Shield            |    23 |    44 |    82 ||   149
